 Dungeon Crawl Stone Soup version 0.25-a0-62-g88673ef095 (webtiles) character file.

Game seed: 9300762115210163399, levelgen mode: deterministic

267 JackS81 the Slasher (level 6, -17/48 HPs)
             Began as a Formicid Monk on Oct 30, 2019.
             Killed from afar by a goblin (38 damage)
             ... with an exploding inner flame
             ... led by Robin
             ... hexed by the player character
             ... on level 3 of the Dungeon.
             The game lasted 00:09:54 (2635 turns).

JackS81 the Slasher (Formicid Monk)                 Turns: 2635, Time: 00:09:55

Health: -17/48     AC:  4    Str: 16    XL:     6   Next: 45%
Magic:  6/6        EV: 13    Int:  9    God:
Gold:   127        SH:  0    Dex: 15    Spells: 5/5 levels left

rFire    . . .     SeeInvis +   a - +0 falchion
rCold    . . .     Gourm    .   (no shield)
rNeg     . . .     Faith    .   b - +0 robe
rPois    .         Spirit   .   (helmet unavailable)
rElec    .         Reflect  .   (no cloak)
rCorr    .         Harm     .   s - +1 pair of gloves
MR       .....                  (no boots)
Stlth    +++.......             (no amulet)
HPRegen  0.16/turn              (no ring)
MPRegen  0.10/turn              (no ring)

@: no status effects
A: permanent stasis, dig shafts and tunnels, four strong arms, antennae 3
a: Dig, Shaft Self


You were on level 3 of the Dungeon.
You were not hungry.

You visited 1 branch of the dungeon, and saw 3 of its levels.

You collected 127 gold pieces.

Inventory:

Hand Weapons
 a - a +0 falchion (weapon)
 d - a +0 hunting sling
Missiles
 h - 20 stones
 i - 2 javelins (quivered)
 k - 40 arrows
 o - 29 bolts
Armour
 b - a +0 robe (worn)
 j - a cursed +0 plate armour
 l - a +0 pair of gloves
 s - a +1 pair of gloves (worn)
Scrolls
 e - 2 scrolls of noise {unknown}
 f - 3 scrolls of remove curse {unknown}
 t - a scroll of enchant armour {unknown}
 u - 2 scrolls of teleportation {unknown}
 y - a scroll of identify {unknown}
Potions
 p - a potion of brilliance
 r - 3 potions of curing
Comestibles
 c - 6 rations
 v - 3 chunks of flesh


   Skills:
 + Level 4.2 Fighting
 + Level 4.8 Long Blades
 * Level 2.4 Armour
 - Level 2.6 Dodging
 + Level 4.7 Stealth


You had 5 spell levels left.
You didn't know any spells.
Your spell library was empty.

Dungeon Overview and Level Annotations

Branches:
Dungeon (3/15)

Altars:
Dithmenos


Innate Abilities, Weirdness & Mutations

You cannot be hasted, slowed, berserked, paralysed or teleported.
You can dig through walls and to a lower floor.
Your four strong arms can wield two-handed weapons with a shield.
You have a pair of large antennae on your head. (SInv)


Message History

Okay, then.
As you read the scroll labeled BUOJOA NUACK, it crumbles to dust.
The creatures around you are filled with an inner flame!
It was a scroll of immolation.
Some of the chunks of flesh in your inventory have rotted away.
There is a stone staircase leading up here.
The goblin barely misses you.
The kobold throws a stone.
The stone closely misses you.
You see here a stone.
The goblin closely misses you.
You riposte.
You hit the goblin.
The goblin explodes!
The fiery explosion engulfs the goblin!!!
The goblin explodes!
The fiery explosion engulfs the hobgoblin!
The hobgoblin explodes!
The fiery explosion engulfs the hobgoblin!!
The hobgoblin explodes!
The fiery explosion engulfs you!!!
Ouch! That really hurt!
You die...

....##...# #[#
########....#
###.#######
##..........##
#.........#
###.......#####
#.........#
..........#
#..>......#
....#....##
#....§§§§.#
........##########
#.....§.§.#
....####..%..§§§.#
###..#§_§.#
.....÷.)....§§§§@#
#...##.§§##
.g..##......§§§§§#
#.########
....####.K).§.§§.# #.#
.............)...# #.#
....####.........#
##.# ....#
#.........###..# .#..#
#.........#...##
.#.########........###
...#.............###


You could see a kobold.

Vanquished Creatures
  3 orc priests (D:3)
  2 orc wizards (D:3)
  Robin (D:3)
  An adder (D:2)
  3 dart slugs
  2 leopard geckos (D:1)
  10 orcs
  6 giant cockroaches
  17 goblins
  8 hobgoblins
  4 jackals (D:1)
  4 kobolds
  A quokka (D:3)
  2 ball pythons (D:2)
  9 bats
  6 frilled lizards
  8 rats
87 creatures vanquished.

Notes
Turn   | Place    | Note
-------+----------+-------------------------------------------
     0 | D:1      | JackS81 the Formicid Monk began the quest for the Orb.
     0 | D:1      | Reached XP level 1. HP: 18/18 MP: 1/1
   149 | D:1      | Reached XP level 2. HP: 13/24 MP: 2/2
   470 | D:1      | Reached XP level 3. HP: 29/29 MP: 3/3
   487 | D:1      | Reached skill level 1 in Armour
   653 | D:1      | You fall into a shaft and drop 1 floor!
  1280 | D:2      | Reached XP level 4. HP: 23/37 MP: 4/4
  2046 | D:3      | Reached XP level 5. HP: 36/42 MP: 5/5
  2365 | D:3      | Found a shadowy altar of Dithmenos.
  2471 | D:3      | Noticed Robin
  2534 | D:3      | Reached XP level 6. HP: 28/48 MP: 6/6
  2627 | D:3      | Killed Robin
  2635 | D:3      | Killed from afar by a goblin

Levels and vault maps discovered:
D:1:      minmay_arrival_five_plusses, layout_loops_ring
D:2:      layout_basic
D:3:      minmay_roachtagon, layout_rooms, first_ration, grunt_dithmenos_smoke,
          uniq_robin

Skill      XL: |  1  2  3  4  5 |
---------------+----------------+-----
Stealth        | 3 4 |  4.7
Armour         | 1 2 |  2.4
Long Blades    | 4 |  4.8
Fighting       | 4 |  4.2
Dodging        | |  2.6

Action                   |  1- 3 |  4- 6 || total
-------------------------+-------+-------++-------
Melee: Falchion          |   121 |   147 ||   268
  Use: Potion            |       |     8 ||     8
       Scroll            |       |     1 ||     1
 Stab: Sleeping          |    10 |     5 ||    15
       Distracted        |     1 |       ||     1
       Invisible         |       |     3 ||     3
  Eat: Chunk             |     1 |     5 ||     6
Armor: Robe              |    27 |    55 ||    82
Dodge: Dodged            |    91 |   117 ||   208
       Rpst.: Falchion   |    23 |    36 ||    59

Table legend:
 A = Non-vault XP
 B = Vault XP
 C = Vault XP percentage of total XP
 D = Non-vault monster count
 E = Vault monster count
 F = Vault count percentage of total count
                 A         B        C        D         E       F
            +---------+---------+-------+---------+---------+-------
      Total |     339 |      43 |  11.3 |      71 |      16 |  18.4
            +---------+---------+-------+---------+---------+-------
        D:1 |      52 |       0 |   0.0 |      30 |       0 |   0.0
        D:2 |      33 |       6 |  15.4 |      11 |       3 |  21.4
        D:3 |     254 |      37 |  12.7 |      30 |      13 |  30.2
            +---------+---------+-------+---------+---------+-------
